 Dungeon Crawl Stone Soup version 0.23.2-33-g5129a83184 (webtiles) character file.

Game seed: 11986299245163088448

60 AarnesTheHuman the Charmwright (level 4, -1/34 HPs)
             Began as a Merfolk Skald on Aug 6, 2019.
             Killed from afar by a dart slug (5 damage)
             ... with a slug dart
             ... on level 2 of the Dungeon.
             The game lasted 00:06:49 (1413 turns).

AarnesTheHuman the Charmwright (Merfolk Skald)      Turns: 1413, Time: 00:06:50

Health: -1/34      AC:  3    Str: 11    XL:     4   Next: 4%
Magic:  7/7        EV: 13    Int: 13    God:
Gold:   57         SH:  0    Dex: 13    Spells: 4/8 levels left

rFire    . . .     SeeInvis .   a - +0 spear
rCold    . . .     Gourm    .   (no shield)
rNeg     . . .     Faith    .   b - +0 leather armour
rPois    .         Spirit   .   (no helmet)
rElec    .         Reflect  .   (no cloak)
rCorr    .         Harm     .   (no gloves)
MR       .....                  (no boots)
Stlth    +.........             (no amulet)
HPRegen  0.11/turn              (no ring)
MPRegen  0.10/turn              (no ring)

@: confused, hasted, very quick
A: change form in water, swift swim, stealthy swim
a: no special abilities


You were on level 2 of the Dungeon.
You were not hungry.

You visited 1 branch of the dungeon, and saw 3 of its levels.

You collected 57 gold pieces.

Inventory:

Hand Weapons
 a - a +0 spear (weapon)
Armour
 b - a +0 leather armour (worn)
Jewellery
 q - an uncursed ring of positive energy {unknown}
Scrolls
 k - a scroll of identify
Potions
 e - a potion of might {unknown}
 g - a potion of heal wounds {unknown}
 h - a potion of flight {unknown}
 i - 2 potions of lignification {unknown}
 j - a potion of mutation {unknown}
 m - a potion of curing {unknown}
 n - a potion of degeneration {unknown}
 p - a potion of magic {unknown}
Comestibles
 d - 2 rations
 l - 3 chunks of flesh


   Skills:
 + Level 2.7 Fighting
 - Level 3.6 Polearms
 - Level 0.6 Armour
 + Level 3.4 Dodging
 * Level 2.5 Spellcasting
 + Level 0.1 Hexes
 * Level 3.8 Charms


You had 4 spell levels left.
You knew the following spells:

 Your Spells              Type           Power        Failure   Level  Hunger
a - Infusion              Chrm           ##..         7%          1    #......
b - Spectral Weapon       Hex/Chrm       #.......     38%         3    ###....

Your spell library contained the following spells:

 Spells                   Type           Power        Failure   Level  Hunger
 Song of Slaying          Chrm           ##......     10%         2    ###....
 Shroud of Golubria       Chrm/Tloc      #.........   22%         2    ###....
 Regeneration             Chrm/Necr      #.........   41%         3    ###....


Dungeon Overview and Level Annotations

Branches:
Dungeon (3/15)

Altars:
Ashenzari

Annotations:
D:2 Sigmund


Message History

It is a scroll of amnesia.
Okay, then.
You feel yourself speed up. Something hits you.
* * * LOW HITPOINT WARNING * * *
You see here a rat skeleton.
You are confused.
Found a scroll labeled SAMOECWI TULA.
You bump into the rock wall.
A dart slug comes into view.
Found a chain mail and 13 stones.
You're too confused to move!
You feel less confused.
Found a green potion and 8 gold pieces.
Found 30 stones.
You are confused.
You bump into the rock wall.
You're too confused to move!
The dart slug launches a dart at you. The slug dart hits you.
You die...

#..........#...
#..........#...
########........#..)
#...............#...
#........####'#####.
#........# #.# #.
#........# ##'#####.
##...w....#
#........
#...@....?#
#........
#[..#######
#........ ..!.(..
##'#####. .......
#.# #. ....... #.#
#. ....$.. #.# #.
..(.... #.# #.
....... #.#####.
#.......


You could see a dart slug.

Vanquished Creatures
  An ooze (D:1)
  5 leopard geckos
  6 bats
  2 giant cockroaches (D:1)
  4 goblins (D:1)
  7 hobgoblins
  3 jackals (D:1)
  A quokka (D:2)
  A ball python (D:1)
  6 frilled lizards (D:1)
  5 kobolds
  7 rats (D:2)
48 creatures vanquished.

Notes
Turn   | Place    | Note
-------+----------+-------------------------------------------
     0 | D:1      | AarnesTheHuman the Merfolk Skald began the quest for the
                  | Orb.
     0 | D:1      | Reached XP level 1. HP: 16/16 MP: 3/3
    91 | D:1      | Reached XP level 2. HP: 23/23 MP: 5/5
   483 | D:1      | Reached XP level 3. HP: 28/28 MP: 0/6
   850 | D:1      | Learned a level 3 spell: Spectral Weapon
  1246 | D:2      | Reached XP level 4. HP: 34/34 MP: 7/7
  1306 | D:2      | Noticed Sigmund
  1325 | D:2      | HP: 1/34 [something (11)]
  1365 | D:3      | Found a shattered altar of Ashenzari.
  1413 | D:2      | Killed from afar by a dart slug

Skill      XL: |  1  2 |
---------------+-------+-----
Dodging        | 3 |  3.4
Fighting       | |  2.7
Polearms       | |  3.6
Armour         | |  0.6
Spellcasting   | |  2.5
Hexes          | |  0.1
Charms         | |  3.8

Action                   |  1- 3 |  4- 6 || total
-------------------------+-------+-------++-------
Melee: Spear             |   145 |     7 ||   152
 Cast: Infusion          |     9 |       ||     9
  Use: Scroll            |       |     3 ||     3
       Potion            |       |     2 ||     2
 Stab: Sleeping          |     4 |     2 ||     6
  Eat: Chunk             |     1 |     1 ||     2
Armor: Leather armour    |    22 |     2 ||    24
Dodge: Dodged            |    61 |     2 ||    63
